 Dungeon Crawl Stone Soup version 0.24.0-125-gc4c63601f3 (webtiles) character file.

Game seed: 1290818280459374682, levelgen mode: deterministic

245 Frank2 the Cudgeler (level 5, -3/40 HPs)
             Began as a Demonspawn Gladiator on Mar 5, 2020.
             Slain by Trinsec's ghost (9 damage)
             ... on level 3 of the Dungeon.
             The game lasted 00:03:44 (2402 turns).

Frank2 the Cudgeler (Demonspawn Gladiator)          Turns: 2402, Time: 00:03:44

Health: -3/40      AC:  9    Str: 14    XL:     5   Next: 84%
Magic:  5/5        EV: 12    Int: 14    God:
Gold:   174        SH:  2    Dex: 16    Spells: 4/4 levels left

rFire    . . .     SeeInvis .   l - +0 morningstar
rCold    . . .     Gourm    .   (no shield)
rNeg     . . .     Faith    .   n - +0 ring mail
rPois    .         Spirit   .   (helmet restricted)
rElec    .         Reflect  +   (no cloak)
rCorr    .         Harm     .   i - +0 pair of gloves
MR       .....                  (no boots)
Stlth    +.........             h - +2 amulet of reflection
HPRegen  0.13/turn              (no ring)
MPRegen  0.09/turn              (no ring)

@: brilliant
A: horns 2, yellow scales 2
a: no special abilities


You were on level 3 of the Dungeon.
You were hungry.

You visited 1 branch of the dungeon, and saw 3 of its levels.

You collected 174 gold pieces.

Inventory:

Hand Weapons
 l - a +0 morningstar (weapon)
Missiles
 d - 3 throwing nets (quivered)
Armour
 i - a +0 pair of gloves (worn)
 n - a +0 ring mail (worn)
Jewellery
 c - a +1 ring of protection {unknown}
 h - a +2 amulet of reflection (around neck)
Scrolls
 e - 4 scrolls of remove curse
Potions
 b - a potion of haste
Comestibles
 f - 9 rations


   Skills:
 + Level 2.9 Fighting
 + Level 4.8 Maces & Flails
 - Level 1.7 Throwing
 + Level 1.9 Armour
 + Level 3.3 Dodging


You had 4 spell levels left.
You didn't know any spells.
Your spell library was empty.

Dungeon Overview and Level Annotations

Branches:
Dungeon (3/15)

Altars:
Trog

Annotations:
D:3 Trinsec's ghost, amateur SpAs


Innate Abilities, Weirdness & Mutations

You have a pair of horns on your head.
You are mostly covered in yellow scales. (AC +3)


Message History

Trinsec's ghost hits you but does no damage.
Trinsec's ghost hits you.
You are electrocuted!!
* * * LOW HITPOINT WARNING * * *
You miss Trinsec's ghost.
Trinsec's ghost is severely damaged.
You block Trinsec's ghost's attack.
You feel better. Trinsec's ghost closely misses you.
You miss Trinsec's ghost. Your headbutt misses Trinsec's ghost.
Trinsec's ghost is severely damaged.
Trinsec's ghost hits you but does no damage.
You are electrocuted!
* * * LOW HITPOINT WARNING * * *
You feel better.
Trinsec's ghost hits you but does no damage.
You closely miss Trinsec's ghost.
Trinsec's ghost is severely damaged.
Trinsec's ghost hits you.
* * * LOW HITPOINT WARNING * * *
You are electrocuted!
You die...

...#....................# #†....
...#.......#####'######## #.....
...........#####.# #.....
...............#.# ######.....
...............#.# #..........
...#...........#.# #..........
##.#...........#.# #..........
#.###.........#.# #..........
##..##.........#@# #.........#
....##.........#W# #.........#
###..###########Z######.....†...#
)....# #.#.#Z#.................#
.##..####.....#...........>.....#
.##.....##$...'.................#
..#...###.)...'.....§...........#
..#.#.# ##....'.....§....########
..#.#.###.....#§§§§<§....#


You could see Trinsec's ghost and a quokka skeleton.

Vanquished Creatures
  Sigmund (D:3)
  3 adders
  2 worms (D:3)
  A dart slug (D:1)
  2 leopard geckos (D:3)
  4 orcs (D:3)
  2 giant cockroaches
  4 hobgoblins
  6 jackals (D:3)
  4 kobolds
  A quokka (D:3)
  A ball python (D:1)
  A ball python zombie (D:3)
  7 bats
  A frilled lizard (D:1)
  9 goblins
  8 rats
57 creatures vanquished.

Notes
Turn   | Place    | Note
-------+----------+-------------------------------------------
     0 | D:1      | Frank2 the Demonspawn Gladiator began the quest for the
                  | Orb.
     0 | D:1      | Reached XP level 1. HP: 16/16 MP: 1/1
   142 | D:1      | Reached skill level 3 in Maces & Flails
   286 | D:1      | Gained mutation: You are partially covered in yellow
                  | scales. (AC +2) [demonic ancestry]
   286 | D:1      | Reached XP level 2. HP: 19/22 MP: 2/2
  1029 | D:2      | Gained mutation: You have a pair of small horns on your
                  | head. [demonic ancestry]
  1029 | D:2      | Reached XP level 3. HP: 26/27 MP: 3/3
  1298 | D:2      | Found a bloodstained altar of Trog.
  1754 | D:3      | Found a runed translucent gate.
  1754 | D:3      | Found a runed translucent gate.
  1754 | D:3      | Found a runed translucent gate.
  1864 | D:3      | Gained mutation: You are mostly covered in yellow scales.
                  | (AC +3) [demonic ancestry]
  1864 | D:3      | Reached XP level 4. HP: 27/34 MP: 4/4
  1874 | D:3      | Reached skill level 1 in Armour
  1879 | D:3      | Noticed Sigmund
  1891 | D:3      | Killed Sigmund
  1891 | D:3      | Reached skill level 4 in Maces & Flails
  1891 | D:3      | Gained mutation: You have a pair of horns on your head.
                  | [demonic ancestry]
  1891 | D:3      | Reached XP level 5. HP: 10/40 MP: 5/5
  2369 | D:3      | Noticed Trinsec's ghost (amateur SpAs)
  2397 | D:3      | HP: 1/40 [Trinsec's ghost (19)]
  2402 | D:3      | Slain by Trinsec's ghost

Levels and vault maps discovered:
D:1:      beargit_arrival_greenhouse, layout_basic
D:2:      layout_basic, lemuel_round_altar
D:3:      layout_basic, gammafunk_ghost_necromancy, uniq_sigmund

Skill      XL: |  1  2  3  4 |
---------------+-------------+-----
Maces & Flails | 3 4 |  4.8
Dodging        | 3 |  3.3
Armour         | 1 |  1.9
Fighting       | |  2.9
Throwing       | |  1.7

Action                   |  1- 3 |  4- 6 || total
-------------------------+-------+-------++-------
Melee: Flail             |   125 |       ||   125
       Headbutt          |     4 |     7 ||    11
       Morningstar       |     1 |    65 ||    66
  Use: Scroll            |     3 |     1 ||     4
       Potion            |       |     5 ||     5
 Stab: Sleeping          |     1 |       ||     1
  Eat: Chunk             |     3 |     1 ||     4
Armor: Leather armour    |    11 |       ||    11
       Ring mail         |    47 |    30 ||    77
Dodge: Dodged            |    83 |    55 ||   138
Block: Other             |     7 |     7 ||    14
       Reflection        |     1 |       ||     1
